 Dungeon Crawl Stone Soup version 0.21.1-1-g345015fe64 (webtiles) character file.

1196 Lavandula the Cleaver (level 8, 0/94 HPs)
             Began as a Centaur Berserker on June 2, 2018.
             Was a Priest of Trog.
             Slain by a killer bee (5 damage)
             ... on level 7 of the Dungeon.
             The game lasted 00:13:03 (1685 turns).

Lavandula the Cleaver (Centaur Berserker)           Turns: 1685, Time: 00:13:03

Health: 0/94       AC:  7    Str: 27    XL:     8   Next: 20%
Magic:  8/8        EV:  9    Int:  6    God:    Trog [***...]
Gold:   117        SH:  6    Dex: 11    Spells: 7/7 levels left

rFire    + . .     SeeInvis .   l - +5 hand axe
rCold    . . .     Gourm    .   i - +2 buckler
rNeg     . . .     Faith    .   e - +2 leather armour {rF+}
rPois    .         Spirit   .   (no helmet)
rElec    .         Reflect  .   (no cloak)
rCorr    .         Harm     .   s - +0 pair of gloves
MR       ++...                  (no barding)
Stlth    ..........             m - amulet of magic regeneration
HPRegen  1.25/turn              j - +2 ring of dexterity
MPRegen  0.36/turn              (no ring)

@: berserking, lethally poisoned (0 -> -4), regenerating, very quick
A: large, hooves 3, deformed body, speed 2, tough skin 3
a: Berserk, Trog's Hand, Burn Spellbooks, Renounce Religion


You were on level 7 of the Dungeon.
You worshipped Trog.
Trog was most pleased with you.
You were not hungry.

You visited 1 branch of the dungeon, and saw 7 of its levels.

You collected 177 gold pieces.
You spent 60 gold pieces at shops.

Inventory:

Hand Weapons
 l - a +5 hand axe (weapon)
 q - a +1 flail of crushing
Armour
 e - a +2 leather armour of fire resistance (worn)
 f - a +0 buckler
 i - a +2 buckler (worn)
 s - a +0 pair of gloves (worn)
Jewellery
 j - a +2 ring of dexterity (left hand)
 m - an amulet of magic regeneration (around neck)
Wands
 w - a wand of disintegration (11)
Scrolls
 a - 2 scrolls of fog {unknown}
 b - a scroll of identify {unknown}
 h - a scroll of teleportation {unknown}
 k - 2 scrolls of amnesia {unknown}
 o - 2 scrolls of enchant weapon
 t - 2 scrolls of remove curse
 u - a scroll of immolation {unknown}
 v - 2 scrolls of blinking {unknown}
Potions
 d - 2 potions of heal wounds
 g - a potion of curing
 n - a potion of haste {unknown}
 p - a potion of lignification {unknown}
 r - a potion of mutation {unknown}
 x - a potion of resistance {unknown}
Books
 y - a book of Callings

   Spells                             Type                      Level
   a - Summon Small Mammal            Summoning                    1
   b - Call Imp                       Summoning                    2
   c - Call Canine Familiar           Summoning                    3
   d - Summon Guardian Golem          Hexes/Summoning              3
   e - Summon Lightning Spire         Summoning/Air                4
   f - Summon Ice Beast               Ice/Summoning                4
   Trog disapproves of the use of such an item.
Comestibles
 c - 3 rations


   Skills:
 - Level 3.0 Fighting
 + Level 9.1 Axes
 - Level 1.3 Armour
 - Level 1.3 Dodging
 - Level 1.9 Shields


You had 7 spell levels left.
You didn't know any spells.

Dungeon Overview and Level Annotations

Branches:
Dungeon (7/15)             Temple (0/1) D:5

Altars:
Ashenzari
Dithmenos
Fedhas
Gozag
Hepliaklqana
Makhleb
Ru
Yredelemnul

Shops:
D:5 !   D:6 :

Annotations:
D:5 Brobocop's ghost, novice MiBe
D:6 Sigmund
D:7 Menkaure


Innate Abilities, Weirdness & Mutations

You have hooves in place of feet.
Armour fits poorly on your strangely shaped body.
You cover ground very quickly.
You have extremely tough skin. (AC +3)


Message History

You are more poisoned.
The killer bee poisons you!
The kobold throws a stone.
The stone closely misses you. The killer bee stings you!
* * * LOW HITPOINT WARNING * * *
You are too berserk!
Unknown command.
You slash the killer bee! Your kick misses the killer bee.
The killer bee is severely wounded.
You hit the kobold.
You kill the kobold!
Trog accepts your kill.
You slice the kobold!!
You kill the kobold!
Trog accepts your kill.
You barely miss the ice beast. You slash the killer bee!
You kill the killer bee!
Trog accepts your kill.
Your Axes skill increases to level 9!
You feel sick. The killer bee stings you.
You die...

............K..
..............#
............KM#
..(...........#
..............#
..............# #..
......y((.....####...
.......@.............
......Y†.............
....................#
..................#
........(........##
.............<....##
...................#
....................#
##..................


You could see an ice beast, a big kobold, Menkaure, a killer bee and a kobold.

Vanquished Creatures
  Eustachio (D:6)
  A centaur (D:6)
  2 bullfrogs (D:6)
  A wyvern skeleton (D:6)
  4 killer bees (D:7)
  The ghost of Tippip the Chopper, a weakling MiBe of Trog (D:3)
  2 crimson imps (D:5)
  A bullfrog zombie (D:5)
  A hound (D:7)
  3 orc wizards
  3 orc priests
  An iguana (D:5)
  Natasha (twice) (D:3)
  A worker ant (D:5)
  6 gnolls
  3 adders
  An adder skeleton (D:5)
  A worm (D:3)
  4 leopard geckos
  16 orcs
  4 giant cockroaches
  4 goblins
  3 hobgoblins
  4 jackals
  6 kobolds
  5 quokkas
  A bat (D:2)
  A frilled lizard (D:2)
  2 leopard gecko zombies (D:5)
  2 quokka skeletons (D:4)
  3 rats
90 creatures vanquished.

Notes
Turn   | Place    | Note
-------+----------+-------------------------------------------
     0 | D:1      | Lavandula the Centaur Berserker began the quest for the Orb.
     0 | D:1      | Reached XP level 1. HP: 19/19 MP: 1/1
    81 | D:1      | Reached skill level 3 in Axes
   110 | D:2      | Reached XP level 2. HP: 12/26 MP: 2/2
   119 | D:2      | Found a shadowy altar of Dithmenos.
   121 | D:2      | Found a shattered altar of Ashenzari.
   127 | D:2      | Found an opulent altar of Gozag.
   129 | D:2      | Found a shadowy altar of Dithmenos.
   131 | D:2      | Found a sacrificial altar of Ru.
   131 | D:2      | Found a blossoming altar of Fedhas.
   211 | D:2      | Reached XP level 3. HP: 13/31 MP: 3/3
   375 | D:3      | Found a faded altar of an unknown god.
   384 | D:3      | Noticed Tippip's ghost (weakling MiBe)
   418 | D:3      | Noticed Natasha
   429 | D:3      | Reached skill level 4 in Axes
   434 | D:3      | Killed Tippip's ghost
   434 | D:3      | Reached XP level 4. HP: 21/38 MP: 4/4
   440 | D:3      | Reached ** piety under Trog
   444 | D:3      | Killed Natasha
   444 | D:3      | Reached skill level 5 in Axes
   490 | D:3      | Reached XP level 5. HP: 22/45 MP: 5/5
   491 | D:3      | Noticed Natasha
   498 | D:3      | Killed Natasha
   659 | D:4      | Reached skill level 6 in Axes
   751 | D:4      | Reached XP level 6. HP: 23/51 MP: 6/6
   755 | D:4      | Reached skill level 1 in Shields
   836 | D:5      | Entered Level 5 of the Dungeon
   944 | D:5      | Found a staircase to the Ecumenical Temple.
   955 | D:5      | Reached *** piety under Trog
  1096 | D:5      | Found Zoceedef's Distillery.
  1103 | D:5      | Reached XP level 7. HP: 45/57 MP: 7/7
  1122 | D:5      | Reached skill level 7 in Axes
  1123 | D:5      | Bought a potion of heal wounds for 60 gold pieces
  1198 | D:5      | Noticed Brobocop's ghost (novice MiBe)
  1201 | D:6      | Found a basalt altar of Yredelemnul.
  1214 | D:6      | Noticed Eustachio
  1230 | D:6      | Killed Eustachio
  1325 | D:6      | Found Gywimn's Book Shop.
  1339 | D:6      | Noticed Sigmund
  1444 | D:6      | Got a dazzling long sword
  1445 | D:6      | Identified the cursed +2 long sword "Ossaxi Tutics" {venom, MR++ Str+2 SInv Stlth-} (You found it on level 6 of the Dungeon)
  1462 | D:6      | Reached skill level 8 in Axes
  1484 | D:6      | Found a burning altar of Makhleb.
  1555 | D:6      | Found a hazy altar of Hepliaklqana.
  1681 | D:7      | Noticed Menkaure
  1682 | D:7      | Reached XP level 8. HP: 38/63 MP: 8/8
  1685 | D:7      | Reached skill level 9 in Axes
  1685 | D:7      | Slain by a killer bee

Skill      XL: |  1  2  3  4  5  6  7  8 |
---------------+-------------------------+-----
Axes           | 3 4 5 6 8 9 |  9.1
Shields        | 1 |  1.9
Fighting       | |  3.0
Armour         | |  1.3
Dodging        | |  1.3

Action                   |  1- 3 |  4- 6 |  7- 9 || total
-------------------------+-------+-------+-------++-------
Melee: Hand axe          |    54 |    91 |    46 ||   191
       Kick              |    13 |    23 |    13 ||    49
Invok: Berserk           |     3 |     4 |     3 ||    10
       Trog's Hand       |       |       |     1 ||     1
  Use: Potion            |       |     2 |     1 ||     3
       Scroll            |       |     1 |     2 ||     3
  Eat: Chunk             |       |     3 |     2 ||     5
       Ration            |       |     1 |     1 ||     2
Armor: Leather armour    |    19 |    30 |    27 ||    76
Dodge: Dodged            |    19 |    29 |    27 ||    75
Block: Buckler           |     1 |    19 |    23 ||    43
